Map: King's Cove LE

Players

Probe - Winner!

  • Race: Protoss Protoss
  • Spawn Location: 11:00

iGCoffeeMs (Coffee)

  • Race: Terran Terran
  • League: Grandmaster
  • Spawn Location: 5:00

Event: 2019 WCS Winter Americas

VOD

Have the link to the VOD?

Description

Time

  • Played on: Feb. 15, 2019, 1:24 p.m.
  • Length: 10:48

All games in this series

Show
View Real Time Build Order
Export as new Build Order

Probe Protoss - Winner!

Build Orders: 1 Gate Expand, Blink Stalkers 

Get SALT Encoding   

  12  0:00  Probe  
  13  0:12  Probe  
  14  0:18  Pylon  
  14  0:24  Probe  
  15  0:32  Probe  
  15  0:38  Gateway  
  15  0:40  Probe  
  16  0:46  Assimilator  
  17  0:51  Probe  
  18  1:03  Probe  
  19  1:15  Probe  
  20  1:23  Nexus  
  20  1:34  Cybernetics Core  
  20  1:37  Probe  
  21  1:43  Assimilator  
  21  1:49  Probe  
  21  1:53  Pylon  
  22  2:01  Probe  
  22  2:02  Adept  
  23  2:09  Probe  
  26  2:17  Probe  
  26  2:21  Twilight Council  
  27  2:26  Warp Gate  
  27  2:28  Probe  
  28  2:35  Probe  
  29  2:38  Stalker  
  29  2:40  Blink  
  29  2:41  Probe  
  29  2:43  Probe  
  33  2:51  Probe  
  33  2:53  Probe  
  35  3:06  Probe x2  
  35  3:12  Robotics Facility  
  37  3:18  Probe x2  
  39  3:22  Gateway  
  39  3:26  Gateway  
  39  3:30  Probe  
  39  3:31  Probe  
  41  3:34  Pylon  
  41  3:42  Probe  
  41  3:43  Probe  
  41  3:47  Pylon  
  43  3:54  Probe  
  43  3:55  Probe  
  45  4:00  Observer  
  45  4:02  Assimilator  
  46  4:06  Probe  
  46  4:07  Probe  
  48  4:12  Nexus  
  48  4:17  Stalker x2  
  48  4:18  Observer  
  48  4:20  Stalker  
  48  4:21  Probe  
  56  4:27  Pylon  
  56  4:45  Stalker x3, Observer  
  61  4:46  Probe  
  61  4:47  Probe  
  61  4:52  Pylon  
  64  4:58  Probe, Forge  
  65  5:01  Forge  
  65  5:03  Probe  
  66  5:09  Sentry  
  66  5:10  Sentry  
  71  5:17  Pylon  
  71  5:21  Immortal  
  74  5:23  Charge  
  74  5:30  Probe x2  
  76  5:41  Gateway  
  76  5:42  Protoss Ground Armor Level 1  
  76  5:43  Probe x3, Gateway  
  76  5:46  Gateway  
  79  5:50  Protoss Ground Weapons Level 1  
  79  5:55  Probe  
  80  5:57  Probe  
  80  6:00  Probe  
  82  6:07  Probe  
  82  6:08  Zealot x3  
  82  6:10  Probe  
  87  6:12  Probe  
  82  6:19  Probe  
  82  6:22  Probe  
  77  6:33  Zealot x3, Probe  
  77  6:34  Probe  
  77  6:37  Probe  
  85  6:42  Probe x2  
  85  6:45  Zealot x3  
  91  7:00  Zealot  
  91  7:01  Zealot x2  
  91  7:07  Probe x2  
  87  7:12  Zealot x3  
  87  7:13  Probe  
  74  7:18  Protoss Ground Armor Level 2  
  74  7:19  Immortal, Probe x2, Protoss Ground Weapons Level 2  
  70  7:23  Zealot x3  
  70  7:25  Probe  
  79  7:31  Probe x2  
  79  7:35  Pylon  
  79  7:36  Zealot, Sentry  
  85  7:37  Zealot  
  87  7:47  Pylon  
  87  7:48  Pylon  
  87  7:49  Pylon  
  87  7:55  Stalker  
  87  7:57  Zealot x3  
  95  7:59  Probe  
  95  8:01  Probe x2  
  95  8:05  Observer  
  99  8:08  Stalker x2  
  103  8:15  Observer  
  103  8:16  Pylon  
  103  8:21  Zealot x4  
  103  8:26  Gateway  
  111  8:30  Gateway  
  111  8:32  Sentry  
  111  8:33  Sentry  
  115  8:43  Stalker  
  115  8:44  Stalker x3  
  123  8:51  Pylon x2  
  123  8:52  Pylon  
  123  8:56  Stalker  
  123  8:57  Stalker  
  123  9:13  Zealot x4  
  123  9:14  Probe x2  
  123  9:15  Warp Prism  
  135  9:32  Nexus  
  135  9:33  Pylon  
  131  9:39  Zealot x5  
  125  9:51  Immortal  
  129  9:55  Observer  
  129  9:57  Zealot x2, Assimilator, Templar Archives  
  129  9:58  Assimilator  
  133  10:08  Zealot x4  
  139  10:33  Zealot  
  139  10:34  Zealot x7  
Show
View Real Time Build Order
Export as new Build Order

iGCoffeeMs Terran 

Build Orders: Reaper Expand 

Get SALT Encoding   

  12  0:00  SCV  
  13  0:12  SCV  
  14  0:18  Supply Depot  
  14  0:25  SCV  
  15  0:40  SCV  
  15  0:41  Barracks  
  16  0:44  Refinery  
  16  0:52  SCV  
  17  1:04  SCV  
  18  1:16  SCV  
  19  1:28  Reaper, Orbital Command  
  20  1:43  Command Center  
  20  1:53  Supply Depot  
  20  1:54  SCV  
  21  2:00  Marine  
  22  2:06  SCV  
  23  2:09  Factory  
  23  2:15  Refinery  
  23  2:18  SCV  
  24  2:23  Barracks Reactor  
  24  2:30  SCV  
  25  2:42  SCV  
  26  2:53  Widow Mine  
  26  2:54  SCV, Starport  
  26  2:56  Orbital Command  
  29  3:00  Marine x2  
  31  3:06  Barracks  
  31  3:09  SCV  
  32  3:15  Widow Mine  
  34  3:20  Marine x2  
  34  3:24  SCV  
  34  3:25  SCV  
  38  3:31  Medivac  
  40  3:36  Supply Depot, Factory Tech Lab  
  41  3:41  SCV x2  
  41  3:43  Marine x2  
  44  3:51  Refinery  
  44  3:54  Barracks Tech Lab  
  44  3:56  SCV  
  44  3:58  SCV, Siege Tank  
  49  4:04  Supply Depot  
  49  4:06  Marine x2  
  49  4:09  SCV  
  52  4:12  Liberator  
  52  4:15  Stimpack, Marine  
  53  4:20  Supply Depot  
  53  4:21  SCV  
  54  4:26  SCV  
  58  4:33  Supply Depot  
  58  4:36  Marine x2  
  60  4:40  Marine  
  60  4:43  SCV x2  
  60  4:45  Siege Tank  
  66  4:50  Supply Depot  
  66  4:54  Marine x2  
  66  4:55  SCV  
  66  4:57  SCV  
  70  5:03  Marauder  
  70  5:06  Engineering Bay  
  72  5:10  SCV x2  
  72  5:12  Medivac  
  76  5:14  Marine x2  
  78  5:22  Siege Tank  
  78  5:27  Barracks  
  79  5:30  Marauder  
  79  5:33  Terran Infantry Weapons Level 1  
  79  5:34  Supply Depot  
  81  5:37  Supply Depot  
  81  5:39  Marine x2  
  81  5:41  SCV  
  84  5:43  Starport Reactor  
  84  5:45  SCV  
  81  5:59  Marauder, Marine  
  81  6:00  Siege Tank  
  84  6:08  SCV  
  84  6:09  SCV  
  86  6:16  Marine x2  
  86  6:20  Marauder  
  86  6:21  SCV  
  86  6:25  SCV  
  86  6:33  SCV  
  86  6:37  SCV  
  85  6:45  SCV  
  85  6:47  Factory Reactor  
  85  6:49  SCV  
  84  6:57  SCV, Marauder x2, Marine x2  
  90  7:03  SCV  
  90  7:07  Command Center  
  88  7:09  SCV  
  88  7:15  Marine x2  
  78  7:19  Marauder  
  78  7:21  Marauder  
  69  7:31  Widow Mine x2  
  69  7:32  SCV x2, Command Center  
  72  7:41  Barracks  
  72  7:42  Barracks  
  72  7:46  Terran Infantry Armor Level 1  
  72  7:47  SCV x2, Refinery  
  72  7:49  Marine  
  72  7:50  Marauder, Marine  
  78  7:53  Marauder  
  78  7:58  Widow Mine x2  
  84  7:59  SCV x2  
  86  8:08  Marine  
  86  8:09  Marine  
  86  8:11  SCV x2  
  90  8:14  Marauder, Supply Depot x2  
  90  8:15  Marauder, Concussive Shells  
  90  8:16  Combat Shield  
  94  8:21  Orbital Command  
  94  8:23  SCV  
  94  8:26  Marine x2  
  97  8:28  Widow Mine x2  
  97  8:29  SCV  
  102  8:35  SCV  
  102  8:36  Barracks Reactor, Barracks Tech Lab  
  102  8:38  Marauder x2  
  107  8:41  Refinery  
  107  8:43  SCV  
  108  8:50  Medivac  
  108  8:51  Marine x2  
  112  8:57  Marauder  
  112  8:59  Marauder  
  116  9:08  Marauder  
  113  9:10  Orbital Command  
  113  9:14  Starport, Marine x2  
  113  9:15  Marine x2  
  115  9:17  Barracks x2  
  115  9:19  Marauder  
  115  9:20  Marauder  
  115  9:23  Liberator  
  116  9:30  Marauder, SCV x2  
  116  9:31  SCV  
  116  9:32  Supply Depot x2  
  105  9:40  Marauder  
  105  9:42  SCV  
  105  9:45  Widow Mine x2  
  108  9:52  Marine x3  
  107  9:53  Marauder x2  
  107  9:55  SCV x4  
  107  9:57  Starport Reactor  
  113  10:06  Barracks Tech Lab  
  113  10:07  Barracks Reactor  
  113  10:08  SCV x2  
  113  10:09  Marauder  
  113  10:12  Widow Mine  
  119  10:14  Marauder, Widow Mine  
  119  10:20  Marine x4  
  127  10:22  SCV x2  
  127  10:25  Refinery  
Tags
 
Add a new tag
Caveats
  • Supply blocks, unpowered buildings, or Contaminate may cause inaccurate times.
  • Supply counts are checked every 10 seconds.